Map: 시뮬레이크럼 - 래더

Players

Impact - Winner!

  • Race: Zerg Zerg
  • Spawn Location: 11:00

Has

  • Race: Protoss Protoss
  • Spawn Location: 5:00

Event: IEM Katowice 2020

VOD

Have the link to the VOD?

Description

Time

  • Played on: Feb. 24, 2020, 10:10 a.m.
  • Length: 9:24

All games in this series

Show
View Real Time Build Order
Export as new Build Order

Impact Zerg - Winner!

Build Orders: Hatch First 

Get SALT Encoding   

  12  0:00  Drone  
  13  0:13  Overlord  
  13  0:17  Drone  
  14  0:31  Drone x2  
  16  0:39  Drone  
  17  0:55  Hatchery  
  16  0:58  Drone  
  17  1:22  Drone x2  
  17  1:23  Drone  
  17  1:24  Spawning Pool  
  17  1:25  Extractor  
  18  1:34  Drone  
  19  1:44  Drone  
  20  1:55  Hatchery, Drone  
  20  2:05  Drone  
  20  2:07  Drone  
  22  2:11  Queen  
  24  2:17  Overlord  
  24  2:24  Drone  
  24  2:26  Drone  
  26  2:32  Queen  
  26  2:36  Extractor  
  26  2:37  Drone  
  28  2:41  Drone  
  28  2:42  Drone  
  30  2:49  Queen  
  32  2:52  Drone  
  32  2:54  Drone  
  32  2:56  Extractor  
  34  2:59  Spore Crawler  
  34  3:02  Metabolic Boost  
  34  3:05  Drone  
  34  3:11  Drone  
  35  3:13  Queen  
  35  3:15  Zergling x2  
  35  3:17  Zergling x2  
  35  3:19  Zergling x2  
  40  3:21  Zergling x2  
  40  3:25  Overlord  
  41  3:28  Spore Crawler  
  41  3:32  Drone  
  42  3:34  Drone  
  42  3:42  Queen  
  42  3:44  Drone  
  42  3:45  Drone  
  42  3:47  Drone  
  47  3:52  Zergling x2  
  47  3:54  Drone  
  49  3:57  Drone  
  49  4:01  Drone  
  50  4:03  Overlord x2  
  50  4:09  Overlord  
  50  4:25  Drone x4  
  50  4:27  Roach Warren  
  50  4:28  Drone x7  
  60  4:31  Extractor  
  60  4:35  Drone x4  
  60  4:37  Drone  
  64  4:43  Lair  
  64  4:46  Extractor, Overlord  
  64  4:47  Extractor  
  64  4:48  Drone  
  64  4:52  Drone  
  64  4:53  Drone x2  
  64  4:56  Overlord  
  64  4:58  Overlord  
  66  5:01  Overlord  
  66  5:05  Drone  
  66  5:06  Drone x2  
  69  5:07  Drone  
  69  5:10  Drone  
  69  5:11  Drone x3  
  69  5:13  Extractor, Pneumatized Carapace  
  72  5:17  Overlord  
  72  5:19  Roach  
  74  5:22  Roach x2  
  74  5:24  Drone  
  74  5:26  Roach  
  81  5:29  Overlord  
  81  5:31  Roach  
  81  5:34  Roach x2  
  87  5:38  Roach x2  
  87  5:39  Drone  
  87  5:41  Overlord  
  87  5:42  Overseer  
  92  5:46  Glial Reconstitution  
  92  5:49  Drone, Evolution Chamber  
  92  5:53  Roach x4  
  100  5:58  Zergling x2  
  100  5:59  Drone x2  
  100  6:00  Drone  
  100  6:01  Drone  
  105  6:05  Roach  
  105  6:08  Roach x3  
  117  6:11  Roach x2  
  117  6:18  Roach x2  
  120  6:21  Overlord x2  
  119  6:30  Extractor, Roach  
  119  6:31  Spire, Roach  
  118  6:37  Drone x2  
  116  6:40  Roach x4  
  119  6:48  Drone x4  
  119  6:53  Drone  
  124  7:02  Drone  
  124  7:03  Drone x4  
  124  7:04  Overlord x2  
  129  7:24  Hatchery, Drone x2  
  130  7:32  Drone  
  130  7:33  Baneling Nest  
  130  7:34  Drone x2  
  130  7:35  Overlord x2  
  130  7:36  Overlord x3  
  132  7:43  Mutalisk x2  
  132  7:44  Mutalisk x2  
  126  7:48  Mutalisk  
  136  7:55  Mutalisk x3  
  136  7:57  Mutalisk  
  144  8:00  Zergling x8  
  144  8:05  Overlord x2  
  146  8:10  Zergling x6, Roach  
  146  8:12  Overseer  
  151  8:13  Zergling x2  
  151  8:18  Baneling x2  
  151  8:19  Baneling x3  
  152  8:26  Zergling x14  
  159  8:32  Zergling x4  
  161  8:36  Ravager x4  
  161  8:37  Overlord  
  161  8:38  Zergling x6  
  168  8:41  Ravager  
  168  8:43  Zergling x6, Overlord  
  172  8:49  Zergling x6  
  172  8:50  Ravager x2  
  176  8:58  Zergling x12  
  176  9:03  Ravager x2  
Show
View Real Time Build Order
Export as new Build Order

Has Protoss 

Build Orders: 1 Gate Expand, Oracle Opening, Phoenix Opening 

Get SALT Encoding   

  12  0:00  Probe  
  13  0:13  Probe  
  14  0:20  Pylon  
  14  0:25  Probe  
  15  0:32  Assimilator  
  15  0:38  Probe (Chrono Boost)  
  16  0:43  Gateway  
  16  0:48  Probe (Chrono Boost)  
  17  0:53  Probe (Chrono Boost)  
  18  1:04  Probe  
  19  1:20  Nexus  
  19  1:32  Cybernetics Core  
  19  1:34  Probe  
  19  1:39  Assimilator  
  20  1:46  Probe  
  21  1:53  Pylon  
  21  1:56  Pylon  
  22  2:07  Adept (Chrono Boost)  
  21  2:10  Warp Gate  
  21  2:12  Probe  
  24  2:22  Stargate  
  24  2:24  Probe  
  25  2:36  Adept (Chrono Boost)  
  28  2:38  Probe (Chrono Boost)  
  28  2:42  Probe (Chrono Boost)  
  29  2:47  Probe (Chrono Boost)  
  29  2:51  Probe (Chrono Boost)  
  31  2:52  Probe (Chrono Boost)  
  32  3:01  Probe  
  32  3:03  Stalker (Chrono Boost)  
  32  3:04  Probe  
  36  3:10  Oracle (Chrono Boost)  
  39  3:13  Probe  
  39  3:16  Probe  
  41  3:23  Twilight Council  
  41  3:25  Probe  
  42  3:30  Gateway  
  42  3:34  Probe  
  43  3:39  Pylon  
  43  3:42  Probe  
  43  3:44  Phoenix (Chrono Boost)  
  46  3:50  Probe  
  46  3:54  Probe  
  48  4:01  Resonating Glaives (Chrono Boost)  
  44  4:09  Gateway  
  44  4:11  Gateway  
  44  4:13  Gateway  
  45  4:18  Assimilator  
  45  4:20  Assimilator  
  45  4:22  Robotics Facility  
  44  4:29  Gateway  
  44  4:33  Gateway  
  44  4:38  Gateway  
  44  4:45  Pylon  
  46  4:49  Adept  
  46  4:50  Adept  
  48  5:05  Nexus  
  48  5:11  Warp Prism (Chrono Boost)  
  50  5:25  Adept  
  50  5:26  Adept x2  
  56  5:32  Adept  
  58  5:36  Adept  
  58  5:39  Pylon  
  60  5:55  Pylon  
  60  6:01  Adept x2  
  60  6:02  Adept x3  
  70  6:10  Immortal (Chrono Boost)  
  74  6:20  Probe x2, Pylon  
  76  6:26  Adept x3  
  82  6:37  Probe x2  
  74  6:47  Sentry x4  
  74  6:49  Probe  
  83  6:55  Robotics Bay  
  83  7:02  Warp Prism (Chrono Boost), Robotics Facility  
  83  7:06  Probe x2  
  87  7:12  Probe  
  86  7:24  Probe  
  86  7:26  Pylon  
  85  7:33  Zealot  
  87  7:38  Zealot x2  
  87  7:39  Stalker  
  87  7:42  Disruptor (Chrono Boost)  
  96  7:50  Zealot, Disruptor (Chrono Boost)  
  101  7:53  Pylon  
  101  7:54  Pylon  
  100  8:06  Pylon  
  103  8:16  Disruptor (Chrono Boost)  
  103  8:20  Stalker x2  
  103  8:21  Zealot x5  
  103  8:22  Zealot  
  119  8:39  Pylon  
  122  8:47  Stalker x2  
  124  8:52  Stalker  
  124  8:53  Stalker x3  
  115  9:01  Stalker x2  

Tags
 
Add a new tag
Caveats
  • Supply blocks, unpowered buildings, or Contaminate may cause inaccurate times.
  • Supply counts are checked every 10 seconds.